 Dungeon Crawl Stone Soup version 0.27.1 (webtiles) character file.

Game seed: 3996450815809738420

128 Malachi the Chopper (level 4, 0/40 HPs)
             Began as a Draconian Berserker on Aug 20, 2021.
             Was a Believer of Trog.
             Succumbed to a gnoll's poison
             ... on level 2 of the Dungeon.
             The game lasted 00:02:03 (2122 turns).

Malachi the Chopper (Draconian Berserker)           Turns: 2122, Time: 00:02:04

Health: 0/40       AC:  5    Str: 20    XL:     4   Next: 87%
Magic:  4/4        EV: 12    Int:  7    God:    Trog [**....]
Gold:   76         SH:  0    Dex: 11    Spells: 3/3 levels left

rFire    . . .     SeeInvis .   a - +0 hand axe
rCold    . . .     Faith    .   (no shield)
rNeg     . . .     Spirit   .   (armour unavailable)
rPois    .         Reflect  .   (helmet restricted)
rElec    .         Harm     .   (no cloak)
rCorr    .         Rampage  .   (no gloves)
Will     .....                  (no boots)
Stlth    +.........             (no amulet)
HPRegen  0.13/turn              (no ring)
MPRegen  0.09/turn              (no ring)

@: brilliant, lethally poisoned (0 -> -3), on berserk cooldown, slowed, very
slow
A: AC +5, unfitting armour, cold-blooded
a: Renounce Religion, Berserk, Trog's Hand


You were on level 2 of the Dungeon.
You worshipped Trog.
Trog was pleased with you.
You visited 1 branch of the dungeon, and saw 3 of its levels.

You collected 76 gold pieces.

Inventory:

Hand Weapons
 a - a +0 hand axe (weapon)
Scrolls
 b - a scroll of vulnerability {unknown}
 c - 2 scrolls of enchant weapon {unknown}
 d - 2 scrolls of identify {unknown}
 e - a scroll of fear {unknown}
 f - a scroll of brand weapon {unknown}
Potions
 i - a potion of mutation {unknown}


   Skills:
 + Level 4.2 Fighting
 + Level 4.2 Axes
 + Level 3.5 Dodging
 + Level 0.3 Stealth


You had 3 spell levels left.
You didn't know any spells.
Your spell library was empty.

Dungeon Overview and Level Annotations

Branches:
Dungeon (3/15)

Altars:


Innate Abilities, Weirdness & Mutations

Your plain brown scales are hard. (AC +5)
You cannot fit into any form of body armour.
You are cold-blooded and may be slowed by cold attacks.


Message History

The gnoll hits you with a +2 whip of venom.
* * * LOW HITPOINT WARNING * * *
The gnoll completely misses you. The gnoll closely misses you.
The gnoll shaman closely misses you.
A gnoll comes into view. It is wielding a +0 spear.
The gnoll shouts!
You slash the gnoll!
You kill the gnoll!
Trog accepts your kill.
You hit the gnoll shaman.
You feel the power of Trog in you as your rage grows.
You kill the gnoll shaman!
Trog accepts your kill.
* * * LOW HITPOINT WARNING * * *
You feel sick.
You hear a shout!
The gnoll barely misses you. The gnoll closely misses you.
Your Axes skill increases to level 4!
You feel sick.
You climb upwards.
You feel a strong urge to attack something.
You feel sick.
There is a stone staircase leading down here.
Unknown command.
You start resting.
You are no longer berserk.
You are exhausted.
You feel yourself slow down.
* * * LOW HITPOINT WARNING * * *
You feel sick.
There is a lethal amount of poison in your body!
There is a lethal amount of poison in your body!
There is a lethal amount of poison in your body!
It was a potion of berserk rage.
You're still recovering from your berserk rage.
* * * LOW HITPOINT WARNING * * *
You feel sick.
It was a potion of brilliance.
You feel clever all of a sudden.
You die...

### ### #.# #####.# ###.#
#.....# ....#
#.###.############# .##.#
#.#...............#
.##.#########.#.#.###########.#
.##.........#.#.#.####......#.#
###########.#.#.#...........#.#
................@...........#.#
....#.........#.............#<#
....#.#.....###...##.....#######
....#.#..................#.....#
##..#.#...........##.....##.##.#
#..#.........#..........†.....#
#......##.#.............##.####
#......+....##.#.........#.#
#......##......##........#.#


There were no monsters in sight!

Vanquished Creatures
  A gnoll shaman (D:3)
  3 gnolls (D:3)
  2 adders (D:2)
  2 dart slugs (D:2)
  2 ball pythons (D:2)
  2 bats
  2 endoplasms
  7 goblins
  6 hobgoblins
  4 jackals (D:1)
  2 quokkas
  13 frilled lizards
  3 kobolds
49 creatures vanquished.

Vanquished Creatures (others)
  5 plants (D:1)
5 creatures vanquished.

Grand Total: 54 creatures vanquished

Notes
Turn   | Place    | Note
-------+----------+-------------------------------------------
     0 | D:1      | Malachi the Draconian Berserker began the quest for the
                  | Orb.
     0 | D:1      | Reached XP level 1. HP: 19/19 MP: 1/1
   164 | D:1      | Reached XP level 2. HP: 26/26 MP: 2/2
   495 | D:1      | Reached ** piety under Trog
   801 | D:1      | Found a faded altar of an unknown god.
  1033 | D:2      | Reached XP level 3. HP: 33/33 MP: 3/3
  1499 | D:2      | Reached XP level 4. HP: 35/40 MP: 4/4
  2121 | D:2      | HP: 2/40 [poisoned by a gnoll]
  2122 | D:2      | Succumbed to a gnoll's poison

Illustrated notes

Levels and vault maps discovered:
D:1:      dpeg_arrival_round_b, layout_basic,
          shapermc_ecumenical_altar_totnotflames, nrook_mini_backslash,
          minmay_lizard_king
D:2:      layout_basic
D:3:      layout_rooms, serial_co_window_serial, co_window_paths_b,
          co_window_paths_a, co_window_corner_a, co_window_paths_a,
          co_window_paths_b, co_window_paths_a, co_window_broadway_a,
          co_window_broadway_a, co_window_corner_b, co_window_unsneaky_path_e,
          co_window_2corner, co_window_2corner, co_window_paths_d,
          chequers_serial_rivers_micro_a, uniq_natasha

Skill      XL: |  1  2  3  4 |
---------------+-------------+-----
Dodging        | 3 |  3.5
Fighting       | 4 |  4.2
Axes           | 4 |  4.2
Stealth        | |  0.3

Action                   |  1- 3 |  4- 6 || total
-------------------------+-------+-------++-------
Melee: Hand axe          |    87 |    14 ||   101
       Tailslap          |    12 |     2 ||    14
Invok: Berserk           |     4 |     1 ||     5
  Use: Potion            |       |     2 ||     2
Armor: Skin              |    34 |     1 ||    35
Dodge: Dodged            |    66 |    12 ||    78
